AoeStats
← TPE-床上小旋風

Hill Fort

505571268Analyzed
3v3 RM · 22d ago on Sep 10, 2026· 47m 11s· 6 players
Game mode
Random Map
Map size
Normal (6 player)
Population
200
Speed
Normal
Resources
Standard
Victory
Conquest
Starting age
Dark Age
Ending age
Imperial Age
RankedLock teamsTeams togetherTeam positionsShared explorationLock speedFull tech treeHidden civsTurbo modeCheats
Victory
Defeat
🇲🇽 Khmer · Mexico
1349
+16
🇷🇺 Franks · Russia
1287
+19
🇺🇸 Tupi · United States
1278
+19
🇦🇷 Saracens · Argentina
1373
-19
🇦🇷 Britons · Argentina
1340
-18
🇦🇷 Persians · Argentina
1334
-17
genghis bong
9:25 Feudal Age
10:15 Double-Bit Axe
10:28 Gold Mining
11:55 Loom
14:37 Fletching
24:01 Wheelbarrow
27:09 Castle Age
28:04 Bodkin Arrow
29:13 Padded Archer Armor
29:33 Bow Saw
29:59 Gold Shaft Mining
29:15 Horse Collar
29:49 Squires
34:06 Leather Archer Armor
37:09 Imperial Age
35:31 Ballistics
36:19 Leather Archer Armor
36:30 Elite Skirmisher
37:40 Pikeman
39:44 Hand Cart
39:32 Scale Mail Armor
40:38 Town Watch
40:55 Bracer
43:17 Ring Archer Armor
44:33 Chemistry
43:59 Elite Blackwood Archer
45:00 Conscription
47:27 Town Patrol
47:09 Champi Runner
47:35 Arson
TPE-床上小旋風
11:09 Feudal Age
15:49 Castle Age
14:40 Scale Barding Armor
14:43 Loom
15:09 Gold Mining
16:13 Double-Bit Axe
19:44 Forging
26:14 Chain Barding Armor
40:27 Wheelbarrow
43:48 Husbandry
46:23 Iron Casting
46:32 Hand Cart
47:01 Town Watch
botas.el.gato
9:12 Loom
11:47 Feudal Age
14:33 Castle Age
13:21 Double-Bit Axe
15:32 Bow Saw
22:43 Ballistics
26:05 Horse Collar
28:38 Wheelbarrow
28:28 Husbandry
28:39 Bloodlines
30:11 Town Watch
31:24 Scale Barding Armor
31:29 Gold Mining
32:37 Chain Barding Armor
33:31 Gold Shaft Mining
34:00 Bloodlines
36:12 Fletching
40:35 Imperial Age
39:16 Forging
39:53 Stone Mining
40:04 Heavy Plow
40:23 Hand Cart
39:47 Light Cavalry
41:33 Siege Engineers
42:30 Plate Barding Armor
42:23 Conscription
42:47 Double Crossbow
44:36 Elite Ballista Elephant
Rey Escorpion
6:18 Loom
8:55 Feudal Age
12:23 Fletching
14:18 Padded Archer Armor
22:51 Castle Age
22:00 Double-Bit Axe
23:27 Crossbowman
24:06 Gold Mining
24:31 Bodkin Arrow
25:27 Horse Collar
26:40 Leather Archer Armor
32:00 Ballistics
37:12 Masonry
37:17 Heavy Plow
39:52 Wheelbarrow
39:07 Town Watch
39:42 Stone Mining
45:31 Imperial Age
blabla
6:58 Loom
9:46 Feudal Age
10:47 Double-Bit Axe
15:15 Fletching
24:05 Castle Age
23:05 Padded Archer Armor
24:07 Crossbowman
24:58 Thumb Ring
25:12 Bodkin Arrow
26:07 Leather Archer Armor
30:46 Ballistics
34:53 Imperial Age
35:56 Wheelbarrow
38:17 Chemistry
37:06 Arbalester
39:03 Bracer
41:00 Bow Saw
44:06 Hand Cart
Michael J. Saylor
6:42 Loom
8:49 Feudal Age
8:55 Loom
9:20 Double-Bit Axe
14:31 Horse Collar
19:31 Castle Age
18:14 Bloodlines
19:07 Scale Barding Armor
20:07 Husbandry
20:55 Forging
23:24 Chain Barding Armor
24:18 Gold Mining
27:56 Bow Saw
28:23 Gold Shaft Mining
33:53 Iron Casting
34:33 Wheelbarrow
37:50 Heavy Plow
47:30 Imperial Age
Connection lost

Rejoining the realm…

Still unreachable

The connection could not be restored.

Session expired

The server has moved on; the page needs a fresh start.